[Event "Live Chess"]
[Site "Chess.com"]
[Date "2010.12.08"]
[Round "-"]
[White "vinkos5"]
[Black "hipposcottimus"]
[Result "1-0"]
[CurrentPosition "8/7p/6p1/R4n1k/6PP/7K/8/8 b - -"]
[Timezone "UTC"]
[ECO "D00"]
[ECOUrl "https://www.chess.com/openings/Queens-Pawn-Opening-1...d5-2.e3"]
[UTCDate "2010.12.08"]
[UTCTime "01:14:30"]
[WhiteElo "1741"]
[BlackElo "1688"]
[TimeControl "60"]
[Termination "vinkos5 won on time"]
[StartTime "01:14:30"]
[EndDate "2010.12.08"]
[EndTime "01:16:53"]
[Link "https://www.chess.com/game/live/75099244"]

1. d4 d5 2. e3 c6 3. c4 Nd7 4. cxd5 Ngf6 5. Nc3 cxd5 6. Bd3 e6 7. f3 Bb4 8. Ne2 e5 9. a3 exd4 10. axb4 dxc3 11. bxc3 O-O 12. O-O Nb6 13. Bc2 Bf5 14. e4 dxe4 15. Qxd8 Raxd8 16. fxe4 Bxe4 17. Bxe4 Nxe4 18. Nd4 Nxc3 19. Bb2 Ncd5 20. Rf3 Nxb4 21. Rg3 g6 22. Nf5 f6 23. Nh6+ Kh8 24. Ng4 Kg7 25. Bxf6+ Rxf6 26. Nxf6 Kxf6 27. Rf1+ Kg7 28. Re3 N4d5 29. Rd3 Rd7 30. Rb1 Nf4 31. Rxd7+ Nxd7 32. Rxb7 Ne6 33. Rxd7+ Kf6 34. Rxa7 Nf4 35. Ra2 Ne6 36. Rf2+ Kg7 37. g3 Ng5 38. h4 Ne4 39. Rf3 Nd2 40. Ra3 Ne4 41. Ra7+ Kh6 42. Ra8 Kh5 43. Ra4 Nf6 44. Kg2 Ng4 45. Kh3 Ne3 46. Ra5+ Nf5 47. g4+ 1-0

[Event "Live Chess"]
[Site "Chess.com"]
[Date "2010.12.08"]
[Round "-"]
[White "hipposcottimus"]
[Black "vinkos5"]
[Result "1-0"]
[CurrentPosition "r1bbk2r/pp1p1ppp/3N2q1/2p1P3/2QP4/3B4/PP2KRPP/2B5 b kq -"]
[Timezone "UTC"]
[ECO "B40"]
[ECOUrl "https://www.chess.com/openings/Sicilian-Defense-French-Variation"]
[UTCDate "2010.12.08"]
[UTCTime "01:12:12"]
[WhiteElo "1688"]
[BlackElo "1741"]
[TimeControl "60"]
[Termination "hipposcottimus won on time"]
[StartTime "01:12:12"]
[EndDate "2010.12.08"]
[EndTime "01:14:01"]
[Link "https://www.chess.com/game/live/75098743"]

1. e4 e6 2. Nf3 c5 3. d4 Nc6 4. d5 exd5 5. Qxd5 Nb4 6. Qc4 Nf6 7. Ng5 Qe7 8. c3 Nc2+ 9. Kd2 Nxa1 10. Bd3 Ng4 11. Na3 Qxg5+ 12. Kd1 Nxf2+ 13. Ke2 Qf6 14. Rf1 Nc2 15. Rxf2 Nd4+ 16. cxd4 Qg6 17. e5 Be7 18. Nb5 Bd8 19. Nd6+ 1-0

[Event "Live Chess"]
[Site "Chess.com"]
[Date "2010.12.08"]
[Round "-"]
[White "hipposcottimus"]
[Black "hyperion48"]
[Result "0-1"]
[CurrentPosition "8/2k5/2p5/8/5K2/8/8/4qq2 w - -"]
[Timezone "UTC"]
[ECO "C50"]
[ECOUrl "https://www.chess.com/openings/Italian-Game"]
[UTCDate "2010.12.08"]
[UTCTime "01:08:53"]
[WhiteElo "1688"]
[BlackElo "1767"]
[TimeControl "60"]
[Termination "hyperion48 won on time"]
[StartTime "01:08:53"]
[EndDate "2010.12.08"]
[EndTime "01:11:20"]
[Link "https://www.chess.com/game/live/75098051"]

1. e4 e5 2. Nf3 Nc6 3. Bc4 d5 4. Bxd5 Nd4 5. Nxd4 exd4 6. d3 c6 7. Bb3 f5 8. c3 fxe4 9. dxe4 dxc3 10. Qxd8+ Kxd8 11. Nxc3 Bb4 12. O-O Nf6 13. Ne2 Nxe4 14. f3 Nd2 15. Bxd2 Bxd2 16. Ng3 Be3+ 17. Kh1 Re8 18. Nf5 Bxf5 19. Rfe1 Kc7 20. Rad1 Rad8 21. g4 Bg6 22. Rc1 Bxc1 23. Rxc1 Re2 24. f4 Rdd2 25. f5 Rxh2+ 26. Kg1 Rhg2+ 27. Kf1 Rdf2+ 28. Ke1 Re2+ 29. Kf1 Ref2+ 30. Ke1 Bf7 31. Rd1 Bxb3 32. axb3 Re2+ 33. Kf1 Rxb2 34. Re1 Rgf2+ 35. Kg1 Rg2+ 36. Kf1 Rxg4 37. Re7+ Kb6 38. Re2 Rxb3 39. Rc2 Rf3+ 40. Ke1 Rgf4 41. Kd1 Re3 42. Rb2+ Kc7 43. Kc1 Rc4+ 44. Rc2 Rxc2+ 45. Kxc2 Re2+ 46. Kd3 Rf2 47. Ke4 Rxf5 48. Kxf5 a5 49. Ke6 a4 50. Kf7 a3 51. Kxg7 a2 52. Kxh7 a1=Q 53. Kg6 b5 54. Kf5 b4 55. Ke4 b3 56. Kf5 b2 57. Ke6 b1=Q 58. Ke7 Qe1+ 59. Kf7 Qad1 60. Kg6 Qg1+ 61. Kf5 Qde1 62. Kf4 Qgf1+ 0-1

[Event "Live Chess"]
[Site "Chess.com"]
[Date "2010.12.08"]
[Round "-"]
[White "hyperion48"]
[Black "hipposcottimus"]
[Result "0-1"]
[CurrentPosition "6k1/6pp/p7/1p3p2/5P2/8/2Pr1KPP/8 w - -"]
[Timezone "UTC"]
[ECO "C65"]
[ECOUrl "https://www.chess.com/openings/Ruy-Lopez-Opening-Berlin-Defense-4.O-O"]
[UTCDate "2010.12.08"]
[UTCTime "01:06:24"]
[WhiteElo "1760"]
[BlackElo "1695"]
[TimeControl "60"]
[Termination "hipposcottimus won on time"]
[StartTime "01:06:24"]
[EndDate "2010.12.08"]
[EndTime "01:08:35"]
[Link "https://www.chess.com/game/live/75097484"]

1. e4 e5 2. Nf3 Nc6 3. Bb5 Nf6 4. O-O a6 5. Ba4 b5 6. Bb3 Bb7 7. d4 Na5 8. dxe5 Nxe4 9. Bd5 Bxd5 10. Qxd5 Be7 11. Qxe4 O-O 12. b4 f5 13. Qe2 Nc4 14. Nc3 Bxb4 15. Bd2 c6 16. Rab1 Ba5 17. Rfd1 d5 18. a3 Nxa3 19. Rb3 Nc4 20. Qe1 d4 21. Ne2 Nxd2 22. Rxd2 Bxd2 23. Qxd2 c5 24. Nfxd4 cxd4 25. Nxd4 Qe7 26. Rd3 Qxe5 27. Nc6 Qf6 28. Rd6 Qg5 29. f4 Qg4 30. Rd8 Raxd8 31. Nxd8 Qg6 32. Nc6 Qf6 33. Nd4 Rd8 34. Qe3 Qxd4 35. Qxd4 Rxd4 36. Kf2 Rd2+ 0-1

[Event "Live Chess"]
[Site "Chess.com"]
[Date "2010.12.08"]
[Round "-"]
[White "hipposcottimus"]
[Black "hyperion48"]
[Result "0-1"]
[CurrentPosition "8/8/4k3/p1p5/8/3P4/PPP4P/1K4R1 w - -"]
[Timezone "UTC"]
[ECO "C57"]
[ECOUrl "https://www.chess.com/openings/Italian-Game-Fried-Liver-Attack-6...Kxf7-7.Qf3"]
[UTCDate "2010.12.08"]
[UTCTime "01:04:00"]
[WhiteElo "1684"]
[BlackElo "1769"]
[TimeControl "60"]
[Termination "hyperion48 won on time"]
[StartTime "01:04:00"]
[EndDate "2010.12.08"]
[EndTime "01:06:11"]
[Link "https://www.chess.com/game/live/75096951"]

1. e4 e5 2. Nf3 Nc6 3. Bc4 Nf6 4. Ng5 d5 5. exd5 Nxd5 6. Nxf7 Kxf7 7. Qf3+ Qf6 8. Bxd5+ Be6 9. Bxc6 bxc6 10. Qxc6 Rd8 11. d3 Bd6 12. Nc3 Bb4 13. Bd2 Rd7 14. Ne4 Bxd2+ 15. Kxd2 Qf5 16. Raf1 Ke8 17. Qa8+ Rd8 18. Qc6+ Bd7 19. Qc3 Rf8 20. Kc1 Qg4 21. Kb1 Qxg2 22. Re1 Bf5 23. Nc5 Be6 24. Rxe5 Rd6 25. Nxe6 Rxe6 26. Rxe6+ Kd8 27. Rhe1 Qxf2 28. Qxg7 Qxe1+ 29. Rxe1 Re8 30. Qe5 Rxe5 31. Rxe5 Kd7 32. Rh5 Ke7 33. Rxh7+ Kf6 34. Rh3 a5 35. Rg3 c5 36. Rg1 Ke6 0-1

[Event "Live Chess"]
[Site "Chess.com"]
[Date "2010.12.08"]
[Round "-"]
[White "hyperion48"]
[Black "hipposcottimus"]
[Result "0-1"]
[CurrentPosition "3b4/1P3kpp/2b5/B4p2/8/8/P4PPP/3R2K1 w - -"]
[Timezone "UTC"]
[ECO "C65"]
[ECOUrl "https://www.chess.com/openings/Ruy-Lopez-Opening-Berlin-Defense-4.O-O"]
[UTCDate "2010.12.08"]
[UTCTime "01:01:15"]
[WhiteElo "1763"]
[BlackElo "1690"]
[TimeControl "60"]
[Termination "hipposcottimus won on time"]
[StartTime "01:01:15"]
[EndDate "2010.12.08"]
[EndTime "01:03:08"]
[Link "https://www.chess.com/game/live/75096248"]

1. e4 e5 2. Nf3 Nc6 3. Bb5 Nf6 4. O-O Nd4 5. Nxd4 exd4 6. c3 c6 7. Be2 d5 8. cxd4 dxe4 9. d3 Qxd4 10. dxe4 Qxe4 11. Bd3 Qd5 12. Nc3 Be7 13. Nxd5 Nxd5 14. Be4 O-O 15. Bxd5 cxd5 16. Qxd5 Be6 17. Qd2 Bc5 18. Re1 b6 19. b3 a5 20. Bb2 Rac8 21. Qg5 f6 22. Qd2 Bf5 23. Rac1 Bg6 24. Bd4 Bb4 25. Rxc8 Bxd2 26. Rxf8+ Kxf8 27. Rd1 Bh6 28. Bxb6 Be8 29. Bxa5 Kf7 30. b4 f5 31. b5 Bg5 32. b6 Bd8 33. b7 Bc6 0-1

[Event "Live Chess"]
[Site "Chess.com"]
[Date "2010.12.08"]
[Round "-"]
[White "hipposcottimus"]
[Black "Snart"]
[Result "1-0"]
[CurrentPosition "7r/5p1k/1p1b1B2/2p2P2/2P5/3P1K2/R5rP/R7 b - -"]
[Timezone "UTC"]
[ECO "B20"]
[ECOUrl "https://www.chess.com/openings/Sicilian-Defense"]
[UTCDate "2010.12.08"]
[UTCTime "00:57:30"]
[WhiteElo "1679"]
[BlackElo "1462"]
[TimeControl "60"]
[Termination "hipposcottimus won on time"]
[StartTime "00:57:30"]
[EndDate "2010.12.08"]
[EndTime "00:59:44"]
[Link "https://www.chess.com/game/live/75095547"]

1. e4 c5 2. Bb5 Nc6 3. Bxc6 dxc6 4. Nf3 Bg4 5. c4 e5 6. d3 Qc7 7. Bd2 O-O-O 8. b4 Nf6 9. b5 Bxf3 10. Qxf3 Be7 11. Nc3 h5 12. a4 Kd7 13. a5 b6 14. axb6 axb6 15. bxc6+ Qxc6 16. Qf5+ Ke8 17. O-O h4 18. Nd5 Qb7 19. Nxf6+ gxf6 20. Ra2 Qd7 21. Rfa1 Qxf5 22. exf5 h3 23. Be3 Kf8 24. f3 Kg7 25. Bf2 Rdg8 26. Bg3 Kh7 27. f4 hxg2 28. Kxg2 exf4 29. Kf2 Bd6 30. Bh4 f3 31. Bxf6 Rg2+ 32. Kxf3 1-0

[Event "Live Chess"]
[Site "Chess.com"]
[Date "2010.12.08"]
[Round "-"]
[White "bds"]
[Black "hipposcottimus"]
[Result "0-1"]
[CurrentPosition "r2q1r1k/2p1b1pp/pp6/2P1Np2/3n1p2/1B1P3P/PP3PP1/R2b1RK1 w - -"]
[Timezone "UTC"]
[ECO "C50"]
[ECOUrl "https://www.chess.com/openings/Italian-Game"]
[UTCDate "2010.12.08"]
[UTCTime "00:38:58"]
[WhiteElo "1841"]
[BlackElo "1679"]
[TimeControl "60"]
[Termination "hipposcottimus won by resignation"]
[StartTime "00:38:58"]
[EndDate "2010.12.08"]
[EndTime "00:40:16"]
[Link "https://www.chess.com/game/live/75091319"]

1. e4 e5 2. Bc4 Nc6 3. Nf3 Nf6 4. d3 d5 5. exd5 Nxd5 6. Bg5 f6 7. Bh4 Be7 8. Bg3 O-O 9. Bb3 Kh8 10. c4 Nf4 11. Bxf4 exf4 12. O-O Bd6 13. c5 Be7 14. Nc3 Bg4 15. Ne4 f5 16. h3 Bh5 17. Nc3 b6 18. Nb5 a6 19. Nbd4 Nxd4 20. Ne5 Bxd1 0-1

[Event "Live Chess"]
[Site "Chess.com"]
[Date "2010.12.07"]
[Round "-"]
[White "hipposcottimus"]
[Black "nevermind666"]
[Result "1-0"]
[CurrentPosition "1k1r3r/2p4p/1p4p1/1P1pPp2/3P1P2/Q1Bq1N2/6PP/R5K1 b - -"]
[Timezone "UTC"]
[ECO "C02"]
[ECOUrl "https://www.chess.com/openings/French-Defense-Advance-Variation"]
[UTCDate "2010.12.07"]
[UTCTime "22:33:56"]
[WhiteElo "1666"]
[BlackElo "1497"]
[TimeControl "60"]
[Termination "hipposcottimus won on time"]
[StartTime "22:33:56"]
[EndDate "2010.12.07"]
[EndTime "22:35:55"]
[Link "https://www.chess.com/game/live/75061269"]

1. e4 e6 2. d4 d5 3. e5 Nc6 4. f4 Nh6 5. Nf3 f5 6. c4 Bd7 7. cxd5 exd5 8. Nc3 Bb4 9. Bd2 Bxc3 10. Bxc3 Qe7 11. Be2 O-O-O 12. O-O g6 13. Rb1 Ng4 14. b4 Nb8 15. b5 b6 16. a4 a5 17. bxa6 Nxa6 18. Bxa6+ Kb8 19. Bb5 Bxb5 20. axb5 Qa3 21. Qc2 Ne3 22. Qd3 Nxf1 23. Rxf1 Qa2 24. Ra1 Qb3 25. Qd2 Qc4 26. Qb2 Qd3 27. Qa3 1-0

[Event "Live Chess"]
[Site "Chess.com"]
[Date "2010.12.07"]
[Round "-"]
[White "nevermind666"]
[Black "hipposcottimus"]
[Result "0-1"]
[CurrentPosition "r2q1rk1/ppp2ppp/8/2b1p3/2B1P3/2P5/PP1BKP2/RN5b w - -"]
[Timezone "UTC"]
[ECO "C20"]
[ECOUrl "https://www.chess.com/openings/Kings-Pawn-Opening-Napoleon-Attack"]
[UTCDate "2010.12.07"]
[UTCTime "22:32:25"]
[WhiteElo "1502"]
[BlackElo "1661"]
[TimeControl "60"]
[Termination "hipposcottimus won by resignation"]
[StartTime "22:32:25"]
[EndDate "2010.12.07"]
[EndTime "22:33:33"]
[Link "https://www.chess.com/game/live/75060865"]

1. e4 e5 2. Qf3 Nc6 3. Bc4 Nf6 4. d3 Nd4 5. Qd1 d5 6. Bb3 dxe4 7. dxe4 Bg4 8. Nf3 Bh5 9. h3 Bc5 10. g4 Nxg4 11. hxg4 Bxg4 12. Bc4 Bxf3 13. Qd2 Bxh1 14. c3 Nf3+ 15. Ke2 Nxd2 16. Bxd2 O-O 0-1

[Event "Live Chess"]
[Site "Chess.com"]
[Date "2010.12.07"]
[Round "-"]
[White "hipposcottimus"]
[Black "nevermind666"]
[Result "1-0"]
[CurrentPosition "6n1/ppN1b2r/3p1kQp/4p2B/2P5/8/PP1K1PPP/n1B4R b - -"]
[Timezone "UTC"]
[ECO "C00"]
[ECOUrl "https://www.chess.com/openings/Pirc-Defense-Small-Center-Defense"]
[UTCDate "2010.12.07"]
[UTCTime "22:30:50"]
[WhiteElo "1656"]
[BlackElo "1507"]
[TimeControl "60"]
[Termination "hipposcottimus won by checkmate"]
[StartTime "22:30:50"]
[EndDate "2010.12.07"]
[EndTime "22:32:02"]
[Link "https://www.chess.com/game/live/75060470"]

1. e4 e6 2. d4 d6 3. e5 Qf6 4. exf6 gxf6 5. Nf3 e5 6. dxe5 fxe5 7. Nc3 Bg4 8. Nd5 Bxf3 9. Qxf3 Nc6 10. Nxc7+ Kd7 11. Nxa8 Nd4 12. Qxf7+ Kc6 13. Qc7+ Kd5 14. c4+ Ke6 15. Be2 Nc2+ 16. Kd2 Nxa1 17. Qd8 Be7 18. Qe8 h6 19. Nc7+ Kf6 20. Bh5 Rh7 21. Qg6# 1-0

[Event "Live Chess"]
[Site "Chess.com"]
[Date "2010.12.07"]
[Round "-"]
[White "hipposcottimus"]
[Black "blackhawk-b52"]
[Result "1-0"]
[CurrentPosition "6rk/1b4Bp/2p1R3/1p1nP3/8/1Pp3Q1/r1P3PP/1R4K1 b - -"]
[Timezone "UTC"]
[ECO "B20"]
[ECOUrl "https://www.chess.com/openings/Sicilian-Defense"]
[UTCDate "2010.12.07"]
[UTCTime "18:45:41"]
[WhiteElo "1398"]
[BlackElo "1581"]
[TimeControl "180+3"]
[Termination "hipposcottimus won by resignation"]
[StartTime "18:45:41"]
[EndDate "2010.12.07"]
[EndTime "18:51:00"]
[Link "https://www.chess.com/game/live/75001129"]

1. e4 c5 2. Bb5 a6 3. Be2 e6 4. Nc3 Nc6 5. Nf3 Be7 6. d4 cxd4 7. Nxd4 Nf6 8. f4 O-O 9. O-O Bc5 10. Be3 Qb6 11. Na4 Qb5 12. Bxb5 axb5 13. Nxc5 d6 14. Nxc6 dxc5 15. e5 Nd5 16. Qf3 bxc6 17. Qg3 Bb7 18. f5 Rfe8 19. Bh6 g6 20. fxg6 fxg6 21. b3 c4 22. Rab1 c3 23. Rf6 Rxa2 24. Rxg6+ Kh8 25. Rxe6 Rg8 26. Bg7+ 1-0

[Event "Live Chess"]
[Site "Chess.com"]
[Date "2010.12.07"]
[Round "-"]
[White "hoopla"]
[Black "hipposcottimus"]
[Result "0-1"]
[CurrentPosition "4Rrk1/1Qp2ppp/1pP5/3P4/8/5PPb/2q4P/R5K1 b - -"]
[Timezone "UTC"]
[ECO "C47"]
[ECOUrl "https://www.chess.com/openings/Four-Knights-Game-Italian-Variation"]
[UTCDate "2010.12.07"]
[UTCTime "07:27:18"]
[WhiteElo "1332"]
[BlackElo "1385"]
[TimeControl "420+2"]
[Termination "hipposcottimus won by resignation"]
[StartTime "07:27:18"]
[EndDate "2010.12.07"]
[EndTime "07:42:33"]
[Link "https://www.chess.com/game/live/74847409"]

1. e4 e5 2. Nf3 Nc6 3. Bc4 Nf6 4. Nc3 b6 5. Bb5 Bb7 6. Ng5 a6 7. Bc4 d5 8. exd5 Na5 9. d3 Nxc4 10. dxc4 Bb4 11. Bd2 Bxc3 12. Bxc3 e4 13. Bxf6 Qxf6 14. Nxe4 Qxb2 15. O-O O-O 16. c5 Rae8 17. c6 Bc8 18. Re1 Bf5 19. f3 Qb5 20. Rb1 Qc4 21. Qd3 Qxa2 22. Ra1 Qb2 23. Rxa6 Qb4 24. Raa1 Qb2 25. Nf6+ Qxf6 26. Qa6 Qg6 27. Qb7 Bh3 28. g3 Qxc2 29. Rxe8 0-1

[Event "Live Chess"]
[Site "Chess.com"]
[Date "2010.12.07"]
[Round "-"]
[White "hipposcottimus"]
[Black "hoopla"]
[Result "1-0"]
[CurrentPosition "k2r4/1ppNQ3/p6p/8/8/q7/6PP/4R2K b - -"]
[Timezone "UTC"]
[ECO "C50"]
[ECOUrl "https://www.chess.com/openings/Italian-Game"]
[UTCDate "2010.12.07"]
[UTCTime "07:11:46"]
[WhiteElo "1378"]
[BlackElo "1339"]
[TimeControl "420+2"]
[Termination "hipposcottimus won on time"]
[StartTime "07:11:46"]
[EndDate "2010.12.07"]
[EndTime "07:26:01"]
[Link "https://www.chess.com/game/live/74844606"]

1. e4 e5 2. Nf3 Nc6 3. Bc4 a6 4. d4 exd4 5. Ng5 d5 6. Bxd5 Be6 7. Bxe6 fxe6 8. Nxe6 Qd6 9. Nxf8 Qxf8 10. O-O O-O-O 11. f4 Nf6 12. e5 Nd5 13. Rf3 Nde7 14. a3 Nf5 15. Rd3 h6 16. c3 g5 17. cxd4 Ncxd4 18. Nc3 Rg8 19. Ne4 gxf4 20. Bxf4 Nh4 21. Bg3 Nhf5 22. Bf4 Ne6 23. Bg3 Nxg3 24. Nxg3 Nf4 25. Rxd8+ Qxd8 26. Qf3 Rf8 27. Qe4 Qd2 28. e6 Nxe6 29. Qxe6+ Kb8 30. Ne4 Qd4+ 31. Kh1 Qxb2 32. Re1 Qxa3 33. Nf6 Rd8 34. Nd7+ Ka8 35. Qe7 1-0

[Event "Live Chess"]
[Site "Chess.com"]
[Date "2010.12.07"]
[Round "-"]
[White "hoopla"]
[Black "hipposcottimus"]
[Result "1-0"]
[CurrentPosition "8/p5pp/5pk1/1pQ5/8/8/1PP2PPP/qK1RN3 w - -"]
[Timezone "UTC"]
[ECO "C45"]
[ECOUrl "https://www.chess.com/openings/Scotch-Game"]
[UTCDate "2010.12.07"]
[UTCTime "07:01:39"]
[WhiteElo "1346"]
[BlackElo "1371"]
[TimeControl "420+2"]
[Termination "hoopla won by resignation"]
[StartTime "07:01:39"]
[EndDate "2010.12.07"]
[EndTime "07:10:35"]
[Link "https://www.chess.com/game/live/74842915"]

1. e4 e5 2. Nf3 Nc6 3. d4 d5 4. Bb5 Bd7 5. dxe5 Nxe5 6. Bxd7+ Nxd7 7. exd5 Bd6 8. Nc3 Ngf6 9. Bg5 O-O 10. Qd2 Re8+ 11. Ne2 Be7 12. Nc3 Nxd5 13. O-O-O Nxc3 14. Bxe7 Nxa2+ 15. Kb1 Rxe7 16. Kxa2 f6 17. Rhe1 Rxe1 18. Nxe1 c5 19. Qxd7 Qa5+ 20. Kb1 b5 21. Qd5+ Kf8 22. Qxa8+ Kf7 23. Qd5+ Kg6 24. Qxc5 Qa1+ 1-0

[Event "Live Chess"]
[Site "Chess.com"]
[Date "2010.12.07"]
[Round "-"]
[White "hipposcottimus"]
[Black "hoopla"]
[Result "1-0"]
[CurrentPosition "r2qkr2/1p2pp1p/p7/2p5/8/8/PBPPNPPP/R2Q1RK1 b q -"]
[Timezone "UTC"]
[ECO "B20"]
[ECOUrl "https://www.chess.com/openings/Sicilian-Defense"]
[UTCDate "2010.12.07"]
[UTCTime "06:58:17"]
[WhiteElo "1380"]
[BlackElo "1337"]
[TimeControl "420+2"]
[Termination "hipposcottimus won by resignation"]
[StartTime "06:58:17"]
[EndDate "2010.12.07"]
[EndTime "07:01:07"]
[Link "https://www.chess.com/game/live/74842331"]

1. e4 c5 2. Bb5 Nf6 3. Nc3 a6 4. Be2 Nc6 5. Nf3 d5 6. e5 d4 7. exf6 dxc3 8. fxg7 cxb2 9. gxf8=Q+ Rxf8 10. Bxb2 Nd4 11. O-O Bg4 12. Nxd4 Bxe2 13. Nxe2 1-0

[Event "Live Chess"]
[Site "Chess.com"]
[Date "2010.12.07"]
[Round "-"]
[White "hipposcottimus"]
[Black "sethesteban"]
[Result "0-1"]
[CurrentPosition "8/pp1nBrk1/6p1/3p4/3p4/6R1/P4PPP/2r1R1K1 b - -"]
[Timezone "UTC"]
[ECO "C40"]
[ECOUrl "https://www.chess.com/openings/Kings-Pawn-Opening-Kings-Knight-Busch-Gass-Gambit"]
[UTCDate "2010.12.07"]
[UTCTime "06:51:25"]
[WhiteElo "1373"]
[BlackElo "1329"]
[TimeControl "360"]
[Termination "sethesteban won by resignation"]
[StartTime "06:51:25"]
[EndDate "2010.12.07"]
[EndTime "06:57:37"]
[Link "https://www.chess.com/game/live/74841039"]

1. e4 e5 2. Nf3 Bc5 3. b4 Bxb4 4. c3 Bc5 5. d4 exd4 6. cxd4 Bb4+ 7. Bd2 Qe7 8. Nc3 Bxc3 9. Bxc3 Qxe4+ 10. Be2 d6 11. O-O Ne7 12. Bb5+ c6 13. Re1 Qg6 14. Qe2 Be6 15. Ba4 O-O 16. Bb3 d5 17. Ne5 Qg5 18. Bd2 Qh4 19. Nf3 Qh5 20. Bf4 Nd7 21. Bc2 Rae8 22. Ng5 Qxe2 23. Bxh7+ Kh8 24. Rxe2 g6 25. Nxe6 fxe6 26. Rxe6 Kxh7 27. Bd6 Rf7 28. Rae1 c5 29. Bxe7 Rc8 30. R1e3 cxd4 31. Rh3+ Kg7 32. Rg3 Rc1+ 33. Re1 0-1

[Event "Live Chess"]
[Site "Chess.com"]
[Date "2010.12.07"]
[Round "-"]
[White "StrategicThinker"]
[Black "hipposcottimus"]
[Result "1-0"]
[CurrentPosition "1r4k1/5ppp/4p3/1BBb4/P3p3/2P4P/2P1NPP1/1K1R3R b - -"]
[Timezone "UTC"]
[ECO "C26"]
[ECOUrl "https://www.chess.com/openings/Vienna-Game-Falkbeer-Stanley-Variation"]
[UTCDate "2010.12.07"]
[UTCTime "06:06:21"]
[WhiteElo "1392"]
[BlackElo "1382"]
[TimeControl "300"]
[Termination "StrategicThinker won on time"]
[StartTime "06:06:21"]
[EndDate "2010.12.07"]
[EndTime "06:15:01"]
[Link "https://www.chess.com/game/live/74832664"]

1. e4 e5 2. Bc4 Nf6 3. Nc3 Bb4 4. h3 Bxc3 5. dxc3 b5 6. Bb3 Nxe4 7. Qd5 Nd6 8. Qxa8 Nc6 9. Bd5 O-O 10. Bxc6 Qf6 11. Bf3 Bb7 12. Qxa7 e4 13. Be2 Bc6 14. Qxc7 Re8 15. Be3 Nf5 16. O-O-O Ra8 17. a3 Qe6 18. Kb1 Bd5 19. Qb6 Nd6 20. Bc5 Nc4 21. Qxe6 Nxa3+ 22. bxa3 dxe6 23. Bxb5 Rd8 24. Ne2 Rb8 25. a4 1-0

[Event "Live Chess"]
[Site "Chess.com"]
[Date "2010.12.07"]
[Round "-"]
[White "hipposcottimus"]
[Black "StrategicThinker"]
[Result "0-1"]
[CurrentPosition "r5k1/pq4p1/2bb3p/2p5/7B/2N4P/PPP3n1/3R2K1 b - -"]
[Timezone "UTC"]
[ECO "C55"]
[ECOUrl "https://www.chess.com/openings/Italian-Game-Anti-Fried-Liver-Defense"]
[UTCDate "2010.12.07"]
[UTCTime "05:59:35"]
[WhiteElo "1390"]
[BlackElo "1384"]
[TimeControl "300"]
[Termination "StrategicThinker won by resignation"]
[StartTime "05:59:35"]
[EndDate "2010.12.07"]
[EndTime "06:05:54"]
[Link "https://www.chess.com/game/live/74831235"]

1. e4 e5 2. Nf3 Nc6 3. Bc4 h6 4. d4 exd4 5. Nxd4 Nxd4 6. Qxd4 c5 7. Qd5 Qe7 8. e5 f6 9. O-O fxe5 10. Bd2 Nf6 11. Qf3 d6 12. Nc3 Bg4 13. Qxb7 Qxb7 14. Bb5+ Ke7 15. f3 Bd7 16. Rfe1 Bxb5 17. f4 Bd7 18. fxe5 dxe5 19. Rxe5+ Kf7 20. Rae1 Bd6 21. R5e3 Rhe8 22. Rf3 Rxe1+ 23. Bxe1 Bc6 24. Rf1 Kg8 25. Bh4 Ng4 26. h3 Ne3 27. Re1 Nxg2 28. Rd1 0-1

[Event "Live Chess"]
[Site "Chess.com"]
[Date "2010.12.07"]
[Round "-"]
[White "Valkyriee"]
[Black "hipposcottimus"]
[Result "0-1"]
[CurrentPosition "1r1qk2r/p1pn1pp1/4p3/7p/Q2P4/2n4P/PP4P1/1K2RBNR w k -"]
[Timezone "UTC"]
[ECO "D00"]
[ECOUrl "https://www.chess.com/openings/Queens-Pawn-Opening-Blackmar-Diemer-Zeller-Defense-4.f3-Nf6"]
[UTCDate "2010.12.07"]
[UTCTime "05:52:21"]
[WhiteElo "1342"]
[BlackElo "1399"]
[TimeControl "600"]
[Termination "hipposcottimus won - game abandoned"]
[StartTime "05:52:21"]
[EndDate "2010.12.07"]
[EndTime "05:58:13"]
[Link "https://www.chess.com/game/live/74829302"]

1. d4 d5 2. e4 dxe4 3. Nc3 Bf5 4. f3 Nf6 5. h3 h5 6. Be3 e6 7. fxe4 Bxe4 8. Nxe4 Nxe4 9. Qf3 Nf6 10. Qxb7 Nbd7 11. Qc6 Bd6 12. O-O-O Nd5 13. Bf2 Rb8 14. Qa4 Bf4+ 15. Kb1 Be3 16. Bxe3 Nxe3 17. Re1 Nd5 18. c3 Nxc3+ 0-1

[Event "Live Chess"]
[Site "Chess.com"]
[Date "2010.12.07"]
[Round "-"]
[White "bigballsnwtn"]
[Black "hipposcottimus"]
[Result "0-1"]
[CurrentPosition "6k1/p6r/8/2p1R2K/2Pp4/3N1P2/PP6/8 w - -"]
[Timezone "UTC"]
[ECO "D06"]
[ECOUrl "https://www.chess.com/openings/Queens-Gambit-Declined-Austrian-Salvio-Countergambit"]
[UTCDate "2010.12.07"]
[UTCTime "01:25:44"]
[WhiteElo "1859"]
[BlackElo "1651"]
[TimeControl "60"]
[Termination "hipposcottimus won on time"]
[StartTime "01:25:44"]
[EndDate "2010.12.07"]
[EndTime "01:27:59"]
[Link "https://www.chess.com/game/live/74775600"]

1. d4 d5 2. c4 c5 3. dxc5 d4 4. Nf3 Nc6 5. e3 e5 6. exd4 exd4 7. Bd3 Nf6 8. O-O Bg4 9. Re1+ Be7 10. h3 Bh5 11. g4 Nxg4 12. hxg4 Bxg4 13. Be4 O-O 14. Bf4 Bxc5 15. Bxc6 bxc6 16. Re4 Qf6 17. Nbd2 Qg6 18. Bg5 h6 19. Rxg4 hxg5 20. Rxg5 Qh6 21. Ne4 Be7 22. Rg3 f6 23. Qd2 Kf7 24. Qxh6 gxh6 25. Rd1 f5 26. Ned2 c5 27. Ne5+ Kf6 28. Ndf3 Rg8 29. Rxg8 Rxg8+ 30. Kh2 Bd6 31. Re1 f4 32. Kh3 h5 33. Nd3 Rh8 34. Nh4 Kf7 35. f3 Be7 36. Re4 Bxh4 37. Kxh4 Rg8 38. Rxf4+ Kg6 39. Re4 Kh7 40. Re6 Rg7 41. Kxh5 Kg8 42. Re5 Rh7+ 0-1